 Dungeon Crawl Stone Soup version 0.31-a0-675-g238779eb0a (webtiles) character file.

Game seed: 16969326040609001398

880 qw the Skirmisher (level 8, 0/49 HPs)
             Began as a Gargoyle Hunter on Sept 5, 2023.
             Slain by a gnoll
             ... wielding a +0 whip
             ... led by a gnoll bouda
              (1 damage)
             ... on level 5 of the Dungeon.
             The game lasted 00:01:27 (2936 turns).

qw the Skirmisher (Gargoyle Hunter)                 Turns: 2936, Time: 00:01:28

Health: 0/49       AC: 13    Str: 14    XL:     8   Next: 5%
Magic:  8/8        EV: 11    Int: 11    God:
Gold:   273        SH:  0    Dex: 15    Spells: 7/7 levels left

rFire   . . .        Y - +1 shortbow (chaos)
rCold   . . .        (shield currently unavailable)
rNeg    + + .        k - +0 ring mail
rPois   inf          (no helmet)
rElec   +            e - +0 cloak
rCorr   .            h - +0 pair of gloves
SInv    .            (no boots)
Will    .....        (no amulet)
Stlth   +            i - ring of positive energy
HPRegen 0.28/turn    (no ring)
MPRegen 0.11/turn

%: no passive effects
@: about to teleport
A: sickness immunity, AC +5, negative energy resistance 1, electricity
resistance, torment resistance 1, petrification resistance
a: no special abilities


You were on level 5 of the Dungeon.
You visited 1 branch of the dungeon, and saw 5 of its levels.

You collected 273 gold pieces.


Innate Abilities, Weirdness & Mutations

You are immune to sickness and miasma.
Your stone body is resilient. (AC +5)
You are immune to poison.
You resist negative energy. (rN+)
You are resistant to electric shocks. (rElec)
You are resistant to unholy torment.
You are immune to petrification.


   Skills:
 - Level 5.2 Fighting
 + Level 8.2 Ranged Weapons
 - Level 2.0 Armour
 - Level 2.2 Dodging
 - Level 1.1 Stealth


You had 7 spell levels left.
You didn't know any spells.
Your spell library was empty.

Inventory:

Hand Weapons
 Y - a +1 shortbow of chaos (weapon)
Armour
 e - a +0 cloak (worn)
 h - a +0 pair of gloves (worn)
 k - a +0 ring mail (worn)
Jewellery
 i - a ring of positive energy (left hand)
Scrolls
 a - a scroll of identify
 f - a scroll of teleportation
Potions
 b - 2 potions of curing
 g - a potion of brilliance {unknown}
 j - a potion of heal wounds {unknown}
 l - a potion of lignification {unknown}

Dungeon Overview and Level Annotations

Branches:
Dungeon (5/15)
 Temple: D:4-7

Altars:
Gozag

Annotations:
D:3 1 runed translucent door, qw's ghost, weakling MiHs


Message History

2929 ||| Stepping ~*~*~tactically~*~*~ (retreating).
The gnoll attacks as it pursues you! The gnoll hits you but does no damage.
2930 |||
Found retreat position at 3,4 (floor) with 0 blocking monsters and 1 monsters attacking at destination at distance 7
2930 ||| Stepping ~*~*~tactically~*~*~ (retreating).
The gnoll is no longer moving quickly.
The gnoll bouda barks out a call to the hunt!
The gnoll picks up the pace!
The gnoll attacks as it pursues you! The gnoll misses you.
The gnoll completely misses you.
You shoot an arrow. The arrow hits the gnoll.
You drain the gnoll.
You kill the gnoll!
The gnoll hits you with a +1 flail of protection!
You shoot an arrow. The arrow closely misses the gnoll.
The arrow hits the gnoll bouda!
The gnoll bouda seems to speed up.
The gnoll bouda is heavily wounded.
Your attacks no longer feel as feeble.
The gnoll is no longer moving quickly.
You shoot an arrow.
The arrow barely misses the gnoll bouda.
The arrow barely misses the gnoll.
The gnoll bouda barks out a call to the hunt!
The gnoll picks up the pace!
You shoot an arrow. The arrow hits the gnoll bouda.
The arrow freezes the gnoll bouda.
The gnoll bouda is almost dead.
The gnoll bouda hits you with a +0 club.
2935 ||| READING 2 scrolls of teleportation.
As you read the scroll of teleportation, it crumbles to dust.
You feel strangely unstable. The gnoll closely misses you.
The gnoll bouda mumbles some strange prayers to its god.
The gnoll bouda is healed somewhat.
You shoot an arrow. The arrow hits the gnoll bouda.
The arrow freezes the gnoll bouda.
The gnoll bouda is almost dead.
The gnoll bouda utters an invocation to its god.
The gnoll bouda is healed somewhat.
The gnoll hits you but does no damage.
The gnoll bouda hits you with a +0 club!
The gnoll hits you with a +0 whip.
You die...

#.........####
#............
#..........#
#..........#
#.........##
..........#
..........#
...####g### #@g#
###.## ####
###...#######
.....#............
.....#.(.....#####
.....#.......#
............#
............#
...#.......#


You could see a gnoll bouda (fast) and a gnoll (swift).

Vanquished Creatures
  Sigmund (D:3)
  A black bear (D:5)
  A phantom (D:5)
  4 scorpions
  2 hounds
  A jelly (D:5)
  An orc priest (D:4)
  Terence (D:3)
  An iguana (D:4)
  2 orc wizards (D:4)
  3 gnolls
  A worm (D:2)
  2 dart slugs
  12 orcs
  5 ball pythons
  2 bats
  12 endoplasms
  5 giant cockroaches
  5 hobgoblins
  2 jackals (D:2)
  3 quokkas
  4 frilled lizards
  10 goblins
  6 kobolds
  10 rats
97 creatures vanquished.

Vanquished Creatures (others)
  A giant cockroach zombie (D:4)
1 creature vanquished.

Grand Total: 98 creatures vanquished

Notes
Turn   | Place    | Note
-------+----------+-------------------------------------------
     0 | D:1      | qw the Gargoyle Hunter began the quest for the Orb.
     0 | D:1      | Reached XP level 1. HP: 12/12 MP: 1/1
     0 | D:1      | 0 ||| qw: Version: 0.3-a-75-g829b12e
     0 | D:1      | 0 ||| qw: Game counter: 191
     0 | D:1      | 0 ||| qw: Melee chars always use a shield: true
     0 | D:1      | 0 ||| qw: God list: Okawaru
     0 | D:1      | 0 ||| qw: Allow faded altars: false
     0 | D:1      | 0 ||| qw: Do Orc after clearing Dungeon:15 true
     0 | D:1      | 0 ||| qw: Do second Lair branch before Depths: true
     0 | D:1      | 0 ||| qw: Lair rune preference: random
     0 | D:1      | 0 ||| qw: Goals: Normal
     0 | D:1      | 0 ||| PLANNING D:1-11
    84 | D:1      | Reached XP level 2. HP: 17/17 MP: 2/2
    97 | D:1      | HP: 4/17 [endoplasm (3)]
   240 | D:1      | Reached XP level 3. HP: 13/21 MP: 3/3
   281 | D:1      | Reached skill level 5 in Ranged Weapons
   597 | D:1      | 597 ||| UPGRADING to +0 cloak.
   602 | D:1      | 602 ||| UPGRADING to +0 pair of gloves.
   607 | D:1      | 607 ||| READING 2 scrolls labelled JEOGGA LUNAS.
   608 | D:1      | 608 ||| READING scroll labelled ROLON ROLAIKEA.
   613 | D:1      | 613 ||| DRINKING 2 fuming white potions.
   617 | D:1      | 617 ||| DROPPING scroll of butterflies.
   618 | D:1      | 618 ||| DROPPING potion of ambrosia.
   765 | D:2      | Reached skill level 3 in Fighting
   867 | D:2      | Reached XP level 4. HP: 28/28 MP: 4/4
   877 | D:2      | Reached skill level 1 in Armour
  1213 | D:2      | 1213 ||| UPGRADING to ring of positive energy.
  1214 | D:2      | 1214 ||| READING 2 scrolls labelled DEYNKO BARIE.
  1215 | D:2      | 1215 ||| READING scroll of brand weapon.
  1215 | D:2      | 1215 ||| BRANDING +0 shortbow of freezing.
  1216 | D:2      | 1216 ||| READING scroll labelled MALOELUEZI.
  1217 | D:2      | 1217 ||| DRINKING 2 smoky black potions.
  1218 | D:2      | 1218 ||| READING 3 scrolls of identify.
  1218 | D:2      | 1218 ||| IDENTIFYING clear potion
  1219 | D:2      | 1219 ||| READING 2 scrolls of identify.
  1219 | D:2      | 1219 ||| IDENTIFYING grey potion
  1220 | D:2      | 1220 ||| DROPPING potion of magic.
  1221 | D:2      | 1221 ||| DROPPING potion of berserk rage.
  1222 | D:2      | 1222 ||| DROPPING potion of degeneration.
  1292 | D:3      | Found a runed translucent door.
  1292 | D:3      | Noticed qw's ghost (weakling MiHs)
  1398 | D:3      | Noticed a scorpion
  1402 | D:3      | Killed a scorpion
  1403 | D:3      | Reached XP level 5. HP: 32/32 MP: 5/5
  1487 | D:3      | Reached skill level 6 in Ranged Weapons
  1510 | D:3      | Noticed Terence
  1510 | D:3      | Noticed Sigmund
  1516 | D:3      | Killed Terence
  1517 | D:3      | 1517 ||| FLEEEEING.
  1518 | D:3      | 1518 ||| FLEEEEING.
  1520 | D:3      | 1520 ||| STAIRDANCE
  1563 | D:2      | 1563 ||| READING scroll labelled ZELIEM FASCHEMP.
  1571 | D:3      | 1571 ||| STAIRDANCE
  1573 | D:3      | 1573 ||| STAIRDANCE
  1575 | D:3      | 1575 ||| STAIRDANCE
  1577 | D:3      | 1577 ||| STAIRDANCE
  1653 | D:3      | 1653 ||| STAIRDANCE
  1685 | D:3      | 1685 ||| STAIRDANCE
  1724 | D:3      | 1724 ||| STAIRDANCE
  1752 | D:3      | 1752 ||| STAIRDANCE
  1776 | D:3      | Killed Sigmund
  1777 | D:3      | Reached XP level 6. HP: 40/40 MP: 6/6
  2213 | D:3      | 2213 ||| UPGRADING to +0 ring mail.
  2223 | D:3      | 2223 ||| DROPPING +0 leather armour.
  2224 | D:3      | 2224 ||| READING scroll labelled FUVAVA LOMOS.
  2257 | D:4      | Reached XP level 7. HP: 40/44 MP: 7/7
  2344 | D:4      | 2344 ||| Stepping ~*~*~tactically~*~*~ (outnumbered).
  2420 | D:4      | Reached skill level 7 in Ranged Weapons
  2696 | D:4      | Found an opulent altar of Gozag.
  2823 | D:4      | 2823 ||| READING 3 scrolls labelled EMAFUS BEOLUAJOG.
  2824 | D:4      | 2824 ||| READING scroll labelled WYS LAQABLA.
  2825 | D:4      | 2825 ||| READING scroll labelled SAMETA XIENTIG.
  2826 | D:4      | 2826 ||| DRINKING 3 fizzy green potions.
  2827 | D:4      | 2827 ||| DRINKING 2 inky potions.
  2828 | D:4      | 2828 ||| DROPPING 2 scrolls of amnesia.
  2829 | D:4      | 2829 ||| DROPPING potion of attraction.
  2843 | D:5      | Entered Level 5 of the Dungeon
  2889 | D:5      | Reached skill level 8 in Ranged Weapons
  2894 | D:5      | Reached XP level 8. HP: 49/49 MP: 8/8
  2921 | D:5      | 2921 ||| Stepping ~*~*~tactically~*~*~ (retreating).
  2927 | D:5      | 2927 ||| Stepping ~*~*~tactically~*~*~ (retreating).
  2928 | D:5      | 2928 ||| Stepping ~*~*~tactically~*~*~ (retreating).
  2929 | D:5      | 2929 ||| Stepping ~*~*~tactically~*~*~ (retreating).
  2930 | D:5      | 2930 ||| Stepping ~*~*~tactically~*~*~ (retreating).
  2934 | D:5      | HP: 9/49 [gnoll bouda/+0 club (6)]
  2935 | D:5      | 2935 ||| READING 2 scrolls of teleportation.
  2936 | D:5      | HP: 1/49 [gnoll bouda/+0 club (8)]
  2936 | D:5      | Slain by a gnoll

Levels and vault maps discovered:
D:1:      shiori_arrival_elements, layout_rooms, st_stairs_9,
          minmay_pentomino_x4
D:2:      layout_basic, cheibrodos_gnoll_hut
D:3:      layout_loops_ring, hellmonk_ghost_happy_afterlife,
          chequers_serial_rivers_room_a, uniq_sigmund, uniq_terence
D:4:      layout_cave_pools, kennysheep_mini
D:5:      layout_basic, serial_undead, serial_undead_e, serial_undead_a,
          serial_undead_a, serial_undead_b, uniq_grinder, uniq_eustachio

Skill      XL: |  1  2  3  4  5  6  7  8 |
---------------+-------------------------+-----
Ranged Weapons | 5 6 8 |  8.2
Fighting       | 3 5 |  5.2
Armour         | 1 2 |  2.0
Dodging        | 2 |  2.2
Stealth        | |  1.1

Action                     |  1- 3 |  4- 6 |  7- 9 || total
---------------------------+-------+-------+-------++-------
   Fire: Shortbow          |   128 |    85 |    91 ||   304
    Use: Scroll            |     2 |     7 |     4 ||    13
         Potion            |     1 |     1 |     2 ||     4
 Armour: Leather armour    |    25 |    27 |       ||    52
         Ring mail         |       |     4 |    51 ||    55
  Dodge: Dodged            |    19 |    17 |    45 ||    81

Table legend:
 A = Non-vault XP
 B = Vault XP
 C = Vault XP percentage of total XP
 D = Non-vault monster count
 E = Vault monster count
 F = Vault count percentage of total count
                 A         B        C        D         E       F
            +---------+---------+-------+---------+---------+-------
      Total |     970 |     288 |  22.9 |      84 |      12 |  12.5
            +---------+---------+-------+---------+---------+-------
        D:1 |      41 |      11 |  21.2 |      17 |       7 |  29.2
        D:2 |      39 |      18 |  31.6 |      21 |       3 |  12.5
        D:3 |     189 |     259 |  57.8 |      16 |       2 |  11.1
        D:4 |     358 |       0 |   0.0 |      24 |       0 |   0.0
        D:5 |     343 |       0 |   0.0 |       6 |       0 |   0.0
            +---------+---------+-------+---------+---------+-------
